Description

TvT Napalm All-in!

Note: TvT Dolans 2-fact hellbat drop all-in (cyclone scv pull raven all in) inspired this

  • Double gas reaper hellion nonstop pressure - try to dodge past and dive in the base, create chaos etc.
  • Go straight to lib and siege the main whilst poking the natural
  • Go reactor + tech lab on rax and factory
  • Build 2nd factory and swap onto one
  • Make blue flame, 3 hellions at a time and medivacs one at a time
  • Add an armoury at any point before you move out
  • Hit with a few medivacs loaded with blue flame hellbats, Masses of hellions in regular form + more rallied, maybe 1 viking and a few marines and ofc don’t forget to…
  • PULL THE BOYS

    - Drop Hellbats on their army

VOD

https://youtu.be/5ExchtWDpXY

Replay - TvT Napalm All-In

Build Order

Get SALT Encoding   

  12  0:00  SCV  
  13  0:13  SCV  
  14  0:17  Supply Depot  
  14  0:25  SCV  
  14  0:28  Refinery  
  15  0:39  SCV  
  16  0:45  Barracks  
  16  0:51  SCV  
  17  1:00  Refinery  
  17  1:03  SCV  
  18  1:15  SCV  
  19  1:32  Orbital Command  
  19  1:33  Reaper  
  19  1:39  Factory  
  20  1:48  Supply Depot  
  20  1:58  SCV  
  21  2:05  Reaper  
  22  2:13  SCV  
  23  2:23  Hellion  
  23  2:25  SCV, Starport  
  26  2:35  Supply Depot  
  27  2:45  Liberator  
  27  2:59  Hellion, Reaper  
  27  3:03  Supply Depot  
  35  3:24  Hellion  
  36  3:32  Factory  
  37  3:34  Barracks Reactor  
  37  3:47  Armory  
  38  3:55  Factory Tech Lab  
  38  4:01  Medivac, Supply Depot  
  39  4:25  Infernal Pre-Igniter  
  39  4:27  Hellion x3  
  41  4:48  Hellion x2, Viking  
  38  5:22  Hellion x2, Medivac  
  48  5:55  Viking  
  48  5:56  Marine  
  49  7:21  Viking  
  50  7:54  Engineering Bay  
Spawning Tool Build Advisor. Get it on Overwolf

Go to:

Details

  • Created by: PiG      
  • Published on: Aug 11, 2019
  • Modified on: Aug 12, 2019
  • Patch: 4.7.1
Show
View Real Time Build Order
Export as new Build Order

Comments (0)

There are no comments. Be the first!

Create an account to comment!